 Dungeon Crawl Stone Soup version 0.23.0 (webtiles) character file.

Game seed: 17889124226091948993

95 inmateoo the Insei (level 4, -2/29 HPs)
             Began as an Octopode Transmuter on Feb 15, 2019.
             Was a Follower of Cheibriados.
             Slain by Ijyb (3 damage)
             ... on level 3 of the Dungeon.
             The game lasted 00:02:47 (3083 turns).

inmateoo the Insei (Octopode Transmuter)            Turns: 3083, Time: 00:02:47

Health: -2/29      AC:  2    Str: 11    XL:     4   Next: 66%
Magic:  3/7        EV: 21    Int: 18    God:    Cheibriados [*.....]
Gold:   149        SH:  0    Dex: 19    Spells: 1/7 levels left

rFire    . . .     SeeInvis .     - Unarmed
rCold    . . .     Gourm    .   (shield currently unavailable)
rNeg     . . .     Faith    .   (helmet currently unavailable)
rPois    x         Spirit   .   e - amulet of magic regeneration
rElec    .         Reflect  .   (no ring)
rCorr    .         Harm     .   (no ring)
MR       .....                  (no ring)
Stlth    ++........             (no ring)
HPRegen  0.09/turn              (no ring)
MPRegen  0.35/turn              (no ring)
                                (no ring)
                                (no ring)

@: spider-form, very slightly contaminated, very slow
A: tiny, almost no armour, stealthy swim, (amphibious), 8 rings, (constrict 8)
a: End Transformation, Bend Time, Renounce Religion


You were on level 3 of the Dungeon.
You worshipped Cheibriados.
Cheibriados was aware of your devotion.
You were not hungry.
You were a venomous arachnid creature.
You visited 1 branch of the dungeon, and saw 3 of its levels.

You collected 149 gold pieces.

Inventory:

Missiles
 a - 49 arrows
 g - 3 javelins (quivered)
Jewellery
 e - an amulet of magic regeneration (around neck)
Scrolls
 b - 4 scrolls of identify {unknown}
 d - a scroll of noise {unknown}
 f - a scroll of random uselessness {unknown}
 i - 2 scrolls of remove curse {unknown}
 j - a scroll of magic mapping {unknown}
Potions
 h - a potion of curing {unknown}
 k - a potion of magic {unknown}
 l - 2 potions of haste {unknown}
Comestibles
 c - 7 rations


   Skills:
 + Level 2.0 Fighting
 + Level 2.7 Dodging
 + Level 2.2 Stealth
 + Level 3.6 Unarmed Combat
 - Level 2.0 Spellcasting
 + Level 2.7 Transmutations


You had one spell level left.
You knew the following spells:

 Your Spells              Type           Power        Failure   Level  Hunger
a - Beastly Appendage     Tmut           ##....       17%         1    #......
b - Sticks to Snakes      Tmut           ##......     22%         2    ###....
c - Spider Form           Tmut/Pois      #.........   52%         3    ###....

Your spell library contained the following spells:

 Spells                   Type           Power        Failure   Level  Hunger
 Ice Form                 Ice/Tmut       #.......     87%         4    #####..
 Blade Hands              Tmut           ##........   95%         5    ######.


Dungeon Overview and Level Annotations

Branches:
Dungeon (3/15)

Altars:
Cheibriados
Okawaru

Annotations:
D:3 Ijyb


Innate Abilities, Weirdness & Mutations

You cannot wear most types of armour.
You are very stealthy in the water. (Stealth+)
((You are amphibious.))
You can wear up to eight rings at the same time.
((You can use your tentacles to constrict eight enemies at once.))
((Your skin changes colour to match your surroundings (Stealth+).))
((Your rubbery body absorbs attacks. (AC +1, EV +1)))


Message History

Unknown command.
The hobgoblin shouts!
You tentacle-slap Ijyb but do no damage.
Ijyb is moderately wounded.
You constrict Ijyb. Ijyb hits you.
A goblin comes into view.
Unknown command.
Casting: Spider Form (safe; 30% risk of failure)
Confirm with . or Enter, or press ? or * to list all spells.
You turn into a venomous arachnid creature.
You lose your grip on Ijyb.
The goblin shouts!
Ijyb zaps a wand.
The puff of flame hits you!
* * * LOW HITPOINT WARNING * * *
Unknown command.
You hit Ijyb.
Ijyb is poisoned.
Ijyb is moderately wounded.
A goblin comes into view. It is wielding a +0 club.
Ijyb hits you.
You die...

#### #..# #
..##########.######.#
...(................#
....................+
######.#####..####.#
###..#.# ##.#
###.#....# #.#
##.#..#.### #s#
.#..#.#+# #g##
..#)### #gg# #.###
#.%..gg...... ###
#....(g...... #
#........#.#. #
#.......g# # ##
#######+#g .## ..


You could see Ijyb, a hobgoblin and 6 goblins.

Vanquished Creatures
  2 adders (D:2)
  A worm (D:2)
  4 dart slugs
  4 leopard geckos
  2 orcs (D:2)
  6 bats
  2 giant cockroaches (D:1)
  7 goblins
  7 hobgoblins
  2 jackals (D:2)
  2 quokkas
  A frilled lizard (D:1)
  8 kobolds
  10 rats
58 creatures vanquished.

Notes
Turn   | Place    | Note
-------+----------+-------------------------------------------
     0 | D:1      | inmateoo the Octopode Transmuter began the quest for the
                  | Orb.
     0 | D:1      | Reached XP level 1. HP: 13/13 MP: 3/3
   344 | D:1      | Reached XP level 2. HP: 18/18 MP: 5/5
   478 | D:1      | Reached skill level 1 in Stealth
   923 | D:1      | Reached XP level 3. HP: 23/23 MP: 6/6
   932 | D:1      | Learned a level 2 spell: Sticks to Snakes
   936 | D:1      | Learned a level 3 spell: Spider Form
  1458 | D:2      | Found a snail-covered altar of Cheibriados.
  1468 | D:2      | Became a worshipper of Cheibriados the Contemplative
  1855 | D:2      | Reached XP level 4. HP: 20/29 MP: 7/7
  2677 | D:2      | Found an iron altar of Okawaru.
  2682 | D:2      | Reached * piety under Cheibriados
  3063 | D:3      | Noticed Ijyb
  3082 | D:3      | HP: 1/29 [Ijyb/wand of flame (15) (11)]
  3083 | D:3      | Slain by Ijyb

Skill      XL: |  1  2  3  4 |
---------------+-------------+-----
Stealth        | 1 2 |  2.2
Fighting       | 2 |  2.0
Dodging        | |  2.7
Unarmed Combat | |  3.6
Spellcasting   | |  2.0
Transmutations | |  2.7

Action                   |  1- 3 |  4- 6 || total
-------------------------+-------+-------++-------
Melee: Unarmed           |    70 |    47 ||   117
       Constrict         |    24 |    15 ||    39
       Tentacles         |    14 |     5 ||    19
       Punch             |     4 |       ||     4
       Kick              |     1 |     6 ||     7
Throw: Javelin           |       |     1 ||     1
 Cast: Beastly Appendage |     2 |     3 ||     5
       Spider Form       |       |     2 ||     2
       Sticks to Snakes  |       |     1 ||     1
 Stab: Sleeping          |    10 |     6 ||    16
  Eat: Chunk             |     3 |     4 ||     7
Armor: Skin              |    10 |     3 ||    13
Dodge: Dodged            |    50 |    41 ||    91
